 Dungeon Crawl Stone Soup version 0.30.1-11-g7821555f0a (webtiles) character file.

Game seed: 18365698449436120885

78763 Peloso the Fencer (level 15, -3/144 HPs)
             Began as a Minotaur Fighter on Oct 27, 2023.
             Was the Champion of Okawaru.
             Slain by a death yak (16 damage)
             ... on level 5 of the Lair of Beasts.
             The game lasted 00:59:47 (26979 turns).

Peloso the Fencer (Minotaur Fighter)               Turns: 26979, Time: 00:59:48

Health: -3/144     AC: 22    Str: 23    XL:     15   Next: 19%
Magic:  14/15      EV: 16    Int:  5    God:    Okawaru [******]
Gold:   1850       SH:  9    Dex: 20    Spells: 14/14 levels left

rFire   + . .        b - +5 double sword (flame)
rCold   + + .        d - +0 buckler
rNeg    + . .        Z - +2 chain mail {rC+}
rPois   .            T - +1 hat "Fifyiked" {rCorr}
rElec   .            (no cloak)
rCorr   +            I - +0 pair of gloves
SInv    .            E - +0 pair of boots of Summertime {Dex+3}
Will    +....        (no amulet)
Stlth   +            Y - ring "Neinkad" {rC+ rN+ Str+2}
HPRegen 0.44/turn    i - ring of protection from fire
MPRegen 0.14/turn

%: no passive effects
@: heroic
A: horns 2, retaliatory headbutt, subdued magic 1
a: Renounce Religion, Heroism, Finesse, Duel


You were on level 5 of the Lair of Beasts.
You worshipped Okawaru.
Okawaru was exalted by your worship.
You visited 4 branches of the dungeon, and saw 23 of its levels.
You also visited: Sewer, Bailey and Ice Cave.

You collected 1954 gold pieces.
You spent 104 gold pieces at shops.

Inventory:

Hand Weapons
 a - a +1 heavy double sword
 b - a +5 double sword of flaming (weapon)
 c - a +0 hand axe of flaming
Armour
 d - a +0 buckler (worn)
 E - the +0 pair of boots of Summertime (worn) {Dex+3}
   (You found it in a bailey)

   Dex:       It affects your dexterity (+3).
 I - a +0 pair of gloves (worn)
 T - the +1 hat "Fifyiked" (worn) {rCorr}
   (Okawaru gifted it to you on level 11 of the Dungeon)

   rCorr:     It protects you from acid and corrosion.
 Z - a +2 chain mail of cold resistance (worn)
Jewellery
 i - a ring of protection from fire (right hand)
 y - a ring of positive energy
 z - a ring of wizardry
 B - a ring of see invisible
 H - an amulet of reflection
 K - a ring of protection from cold
 L - an amulet of guardian spirit
 S - a ring of ice
 X - a +4 ring of protection
 Y - the ring "Neinkad" (left hand) {rC+ rN+ Str+2}
   (You found it on level 5 of the Lair of Beasts)

   [ring of protection from cold]

   Str:       It affects your strength (+2).
   rC:        It protects you from cold.
   rN:        It protects you from negative energy.
Wands
 j - a wand of iceblast (16)
 n - a wand of acid (16)
 v - a wand of flame (13)
 C - a wand of paralysis (3)
 V - a wand of polymorph (19)
 W - a wand of mindburst (11)
Scrolls
 e - 2 scrolls of immolation
 f - 4 scrolls of noise
 k - a scroll of blinking
 m - 4 scrolls of teleportation
 q - 11 scrolls of identify
 r - 3 scrolls of poison
 t - 6 scrolls of magic mapping
 u - 4 scrolls of fog
 w - 5 scrolls of amnesia
 A - 4 scrolls of enchant armour
Potions
 g - 2 potions of ambrosia
 h - a potion of might
 l - 5 potions of brilliance
 o - 2 potions of flight
 p - 2 potions of lignification
 s - 3 potions of mutation
 D - 2 potions of resistance
 F - a potion of experience
 J - a potion of berserk rage
 M - 4 potions of curing
 N - 2 potions of invisibility
 P - a potion of cancellation
Miscellaneous
 G - a phantom mirror
 O - a box of beasts
 Q - a phial of floods
 R - a condenser vane


   Skills:
 + Level 16.2(21.2) Fighting
 + Level 18.3(23.3) Long Blades
 + Level 16.0(21.0) Armour
 + Level 6.6(11.6) Dodging
 + Level 2.3(7.3) Stealth
 + Level 13.1(18.1) Shields
 + Level 2.0 Invocations
 + Level 1.5 Evocations


You had 14 spell levels left.
You didn't know any spells.
Your spell library contained the following spells:

 Spells                   Type           Power      Damage    Failure   Level
 Apportation              Tloc           0%         N/A       82%         1
 Beastly Appendage        Tmut           0%         N/A       82%         1
 Foxfire                  Conj/Fire      0%         2x1d4     82%         1
 Necrotise                Necr           0%         1d4       82%         1
 Cigotuvi's Dreadful Rot  Necr/Pois/Air  0%         N/A       92%         2
 Wereblood                Tmut           0%         N/A       92%         2
 Spider Form              Tmut/Pois      0%         N/A       99%         3
 Anguish                  Hex/Necr       0%         N/A       100%        4
 Cause Fear               Hex            0%         N/A       100%        4
 Dispel Undead            Necr           0%         3d6       100%        4
 Leda's Liquefaction      Hex/Erth       0%         N/A       100%        4
 Alistair's Intoxication  Tmut/Pois      0%         N/A       100%        5
 Borgnjor's Vile Clutch   Necr/Erth      0%         N/A       100%        5
 Fireball                 Conj/Fire      0%         3d3       100%        5
 Lee's Rapid Deconstruct  Erth           0%         3d4*      100%        5
 Eringya's Noxious Bog    Tmut/Pois      0%         N/A       100%        6
 Plasma Beam              Fire/Air       0%         2x1d11    100%        6
 Starburst                Conj/Fire      0%         6d3       100%        6
 Statue Form              Tmut/Erth      0%         N/A       100%        6
 Dragon Form              Tmut           0%         N/A       100%        7
 Enfeeble                 Hex            0%         N/A       100%        7
 Summon Small Mammal      Summ           Unusable   N/A       N/A         1
 Death Channel            Necr           Unusable   N/A       N/A         6
 Dragon's Call            Summ           Unusable   N/A       N/A         9

Dungeon Overview and Level Annotations

Branches:
Dungeon (15/15)            Temple (1/1) D:7            Lair (5/5) D:9
  Swamp (0/4) Lair:2        Snake (0/4) Lair:3        Slime (0/5) Lair:4
    Orc (2/2) D:10            Elf (0/3) Orc:2         Sewer (visited)
 Bailey (visited)           IceCv (visited)
 Vaults: D:13-14     Depths: D:15

Altars:
Elyvilon
Fedhas
Gozag
Hepliaklqana
Makhleb
Nemelex Xobeh
Okawaru
Ru
Trog
Uskayaw
Vehumet
Wu Jian
Xom
Yredelemnul
Zin
Jiyva

Shops:
D:2 [   D:6 *   D:13 :   Orc:2 :=**

Portals:
Pandemonium: Orc:2
Trove: D:10 (give 17 scrolls of teleportation)

Annotations:
Temple 4 transporters
Lair:3 2 transporters
Orc:2 2 transporters, Quickbrownfox's ghost, journeyman DsCj


Innate Abilities, Weirdness & Mutations

You have a pair of horns on your head.
You reflexively headbutt those who attack you in melee.
Your spells are a little easier to cast, but a little less powerful.


Message History

Unknown command.
You barely miss the death yak.
You headbutt the death yak, but do no damage.
The death yak is severely wounded.
The death yak gores you but does no damage.
Unknown command.
You slash the death yak! You burn the death yak.
The death yak is almost dead.
Unknown command.
You carve the death yak like a ham!!! You burn the death yak.
You kill the death yak!
Okawaru accepts your kill.
Unknown command.
You slash the death yak! You burn the death yak.
The death yak is lightly wounded.
The death yak gores you but does no damage.
Unknown command.
You hit the death yak. You burn the death yak. You headbutt the death yak!
The death yak is moderately wounded.
Unknown command.
You slice the death yak!! You burn the death yak. You headbutt the death yak.
The death yak is severely wounded.
The death yak gores you but does no damage.
Unknown command.
You hit the death yak. You burn the death yak.
The death yak is severely wounded.
The death yak gores you!
* * * LOW HITPOINT WARNING * * *
Unknown command.
You barely miss the death yak.
The death yak is severely wounded.
The death yak gores you but does no damage.
Unknown command.
You hit the death yak. You burn the death yak.
The death yak is almost dead.
Unknown command.
You hit the death yak. You burn the death yak. You headbutt the death yak.
The death yak is almost dead.
The death yak gores you!
You die...

.##.......†...##
#######........##
###[#####.....#
##.?!....###...##
##[[(8÷.8...#....#
#.........8.##...#
.)...÷8.....†#...#
..8..8..#....##..#
#..÷...#.##...##@#
#.8.....##.....#Y#
##...8.........YY##
.###..÷...........#
...###.÷...###....##
.....#######....P..#
..÷..........##..###
#...........######
#######...P##


You could see 3 death yaks.

Vanquished Creatures
  An orc warlord (Bailey)
  A reaper (IceCv)
  A bunyip (shapeshifter) (D:13)
  Azrael (D:13)
  Josephine (D:11)
  Fannar (D:11)
  4 hydras
  A catoblepas (Lair:5)
  2 centaur warriors
  2 demonspawn (Orc:2)
  A boulder beetle (D:14)
  2 two-headed ogres (D:13)
  A deep troll shaman (Lair:5)
  8 death yaks (Lair:5)
  4 orc high priests (Orc:2)
  Sonja (Lair:5)
  A lindwurm (Lair:5)
  A wizard (D:14)
  4 orc knights (Orc:2)
  An ugly thing (D:13)
  8 orc sorcerers
  7 cyclopes
  3 manticores
  4 black mambas
  15 elephants
  2 ice statues (IceCv)
  An orange demon (Orc:2)
  A gargoyle (D:12)
  3 kobold demonologists
  2 rime drakes (Lair:5)
  11 cane toads
  An unseen horror (D:10)
  An efreet (D:14)
  2 anaconda simulacra (IceCv)
  13 komodo dragons
  7 ice devils (IceCv)
  6 trolls
  A red devil (Orc:2)
  4 polar bears
  22 blink frogs
  A hornet (D:7)
  2 tyrant leeches (Lair:2)
  4 slime creatures (D:12)
  2 shadows
  2 basilisks
  2 dire elephant simulacra (IceCv)
  2 wyverns
  A chaos spawn (Orc:2)
  8 wraiths
  3 fire elementals (D:13)
  38 yaks
  A steam dragon (D:8)
  2 neqoxecs (Orc:2)
  4 vampire mosquitoes
  2 death yak simulacra (Lair:2)
  2 nagas (Lair:3)
  A swamp worm (Lair:2)
  An acid dragon (D:11)
  11 water moccasins
  2 hell hounds (D:13)
  4 sky beasts
  Pargi (Sewer)
  4 ogres
  4 black bears
  3 ice beasts
  42 orc warriors
  33 wolves
  5 centaurs
  A phantom (D:5)
  Blork the orc (D:4)
  6 kobold brigands
  12 bullfrogs
  A gnoll sergeant (D:8)
  A two-headed ogre simulacrum (IceCv)
  3 scorpions
  4 wights (D:8)
  3 elephant simulacra (IceCv)
  4 killer bees (D:9)
  3 howler monkeys
  A gnoll bouda (D:7)
  5 hounds
  4 jellies
  21 orc priests
  2 sleepcaps (D:7)
  5 iguanas
  4 hell rats (Lair:5)
  14 orc wizards
  3 spriggan simulacra (IceCv)
  2 troll simulacra (IceCv)
  A wolf simulacrum (IceCv)
  A polar bear simulacrum (IceCv)
  18 gnolls
  11 river rats (D:6)
  6 adders
  3 naga simulacra (IceCv)
  7 white imps
  An ufetubus (D:6)
  A worm (D:4)
  2 dart slugs
  83 orcs
  7 ball pythons
  5 endoplasms
  7 giant cockroaches
  26 goblins
  19 hobgoblins
  8 jackals
  16 kobolds
  17 quokkas
  2 bats (D:1)
  2 frilled lizards (D:2)
  20 rats
703 creatures vanquished.

Vanquished Creatures (others)
  An orc wizard (D:3)
  An orc (Orc:1)
2 creatures vanquished.

Grand Total: 705 creatures vanquished

Notes
Turn   | Place    | Note
-------+----------+-------------------------------------------
     0 | D:1      | Peloso the Minotaur Fighter began the quest for the Orb.
     0 | D:1      | Reached XP level 1. HP: 19/19 MP: 0/0
   178 | D:1      | Reached XP level 2. HP: 27/27 MP: 1/1
   844 | D:1      | Reached XP level 3. HP: 24/33 MP: 2/2
  1102 | D:2      | Reached skill level 3 in Long Blades
  1357 | D:2      | Found Wuitiny's Armour Shop.
  1397 | D:2      | Reached XP level 4. HP: 37/41 MP: 3/3
  1857 | D:3      | Reached skill level 4 in Long Blades
  1927 | D:3      | Found an ornate altar of the Wu Jian Council.
  2049 | D:3      | Reached XP level 5. HP: 30/47 MP: 4/4
  2889 | D:4      | Reached skill level 5 in Fighting
  2889 | D:4      | Reached skill level 5 in Long Blades
  2889 | D:4      | Reached skill level 5 in Armour
  2910 | D:4      | Found a sacrificial altar of Ru.
  2910 | D:4      | Noticed Blork the orc
  2916 | D:4      | Killed Blork the orc
  2917 | D:4      | Reached XP level 6. HP: 11/56 MP: 5/5
  3219 | D:4      | Found a glowing drain.
  3226 | Sewer    | Entered a sewer
  3385 | Sewer    | Noticed Pargi
  3399 | Sewer    | Killed Pargi
  3400 | Sewer    | Reached skill level 1 in Dodging
  4367 | D:4      | Reached XP level 7. HP: 51/61 MP: 6/6
  4475 | D:5      | Entered Level 5 of the Dungeon
  4525 | D:5      | Reached skill level 6 in Long Blades
  4556 | D:5      | Reached skill level 5 in Shields
  4590 | D:4      | Reached skill level 1 in Stealth
  4819 | D:5      | Reached skill level 7 in Long Blades
  4961 | D:5      | Reached XP level 8. HP: 56/70 MP: 7/7
  5159 | D:5      | Found an iron altar of Okawaru.
  5172 | D:5      | Became a worshipper of Warmaster Okawaru
  5410 | D:6      | Reached skill level 8 in Long Blades
  5550 | D:6      | Found an opulent altar of Gozag.
  5550 | D:6      | Found Gozag's Platinum Reserve.
  5952 | D:6      | Reached * piety under Okawaru
  6414 | D:7      | Found a staircase to the Ecumenical Temple.
  6436 | D:7      | Noticed a hornet
  6439 | D:7      | Killed a hornet
  6440 | D:7      | Reached skill level 9 in Long Blades
  6440 | D:7      | Reached XP level 9. HP: 79/79 MP: 8/8
  6490 | D:7      | Reached ** piety under Okawaru
  6810 | Temple   | Entered the Ecumenical Temple
  6810 | Temple   | Found a transporter.
  6810 | Temple   | Found a transporter.
  6824 | Temple   | Found a transporter.
  6824 | Temple   | Found a transporter.
  6895 | D:7      | Reached skill level 10 in Long Blades
  7295 | D:7      | Found a hazy altar of Hepliaklqana.
  7386 | D:8      | Found a flagged portal.
  7485 | Bailey   | Entered a bailey
  7628 | Bailey   | Reached *** piety under Okawaru
  7806 | Bailey   | Reached XP level 10. HP: 49/88 MP: 9/9
  8121 | Bailey   | Noticed an orc warlord
  8136 | Bailey   | Killed an orc warlord
  8137 | Bailey   | Reached skill level 11 in Long Blades
  8166 | Bailey   | Identified the +0 pair of boots of Summertime {Dex+3}
  8318 | D:8      | Reached **** piety under Okawaru
  8518 | D:8      | Found a sparkling altar of Nemelex Xobeh.
  8804 | D:8      | Found a burning altar of Makhleb.
  8922 | D:8      | Reached skill level 10 in Armour
  9010 | D:9      | Reached skill level 12 in Long Blades
  9049 | D:9      | Found a shimmering altar of Xom.
  9344 | D:9      | Found a bloodstained altar of Trog.
  9747 | D:9      | Found a white marble altar of Elyvilon.
  9944 | D:9      | Found a staircase to the Lair.
 10092 | D:9      | Found a basalt altar of Yredelemnul.
 10144 | D:10     | Entered Level 10 of the Dungeon
 10146 | D:10     | Noticed a sixfirhy
 10276 | D:10     | Reached XP level 11. HP: 53/95 MP: 10/10
 10475 | D:10     | Reached ***** piety under Okawaru
 10566 | D:10     | Found a staircase to the Orcish Mines.
 10817 | D:10     | Reached skill level 13 in Long Blades
 11133 | D:10     | Found a portal to a secret trove of treasure.
 11278 | D:11     | Noticed Josephine
 11673 | D:11     | Noticed Fannar
 11688 | D:11     | Killed Fannar
 11703 | D:11     | Killed Josephine
 11703 | D:11     | Identified the +1 hat "Fifyiked" {rCorr} (Okawaru gifted it
                  | to you on level 11 of the Dungeon)
 11703 | D:11     | Received a gift from Okawaru
 11971 | D:11     | Noticed a sun demon
 11981 | D:11     | Reached skill level 1 in Invocations
 12159 | D:10     | Reached skill level 14 in Long Blades
 12380 | D:11     | Reached skill level 10 in Fighting
 13084 | D:11     | Identified a scroll of acquirement
 13133 | Lair:1   | Entered Level 1 of the Lair of Beasts
 13346 | Lair:1   | Reached XP level 12. HP: 83/108 MP: 12/12
 14211 | Lair:2   | Found a frozen archway.
 14220 | Lair:2   | Reached skill level 1 in Evocations
 14341 | IceCv    | Entered an ice cave
 15047 | IceCv    | Received a gift from Okawaru
 15314 | IceCv    | Noticed a reaper
 15326 | IceCv    | Killed a reaper
 15327 | IceCv    | Reached skill level 15 in Long Blades
 15327 | IceCv    | Reached skill level 10 in Shields
 15590 | IceCv    | Acquired a +0 double sword of holy wrath
 16208 | Lair:2   | Identified the +7 battleaxe of the Kissing Augurer {flame,
                  | rPois Will+ Str+3}
 16296 | Lair:2   | Identified the +7 rapier "Hublurom" {freeze, rElec rC-
                  | rCorr Int+7}
 16431 | Lair:2   | Identified the +2 robe of Integrity {Harm +Inv Str-3
                  | Slay+6} (Okawaru gifted it to you on level 2 of the Lair of
                  | Beasts)
 16431 | Lair:2   | Received a gift from Okawaru
 16581 | Lair:2   | Found a staircase to the Swamp.
 16889 | Lair:3   | Found a transporter.
 16961 | Lair:3   | Found a staircase to the Snake Pit.
 17048 | Lair:3   | Reached XP level 13. HP: 115/119 MP: 13/13
 17122 | Lair:3   | Found a transporter.
 18197 | Orc:1    | Entered Level 1 of the Orcish Mines
 18205 | Orc:1    | Paralysed by an orc sorcerer for 5 turns
 18617 | Orc:2    | Entered Level 2 of the Orcish Mines
 18653 | Orc:2    | Found a transporter.
 18765 | Orc:2    | Found Suske Deza's General Store.
 19005 | Orc:2    | Found Cuenko Zaehu's General Store.
 19166 | Orc:2    | Gained mutation: Your spells are a little easier to cast,
                  | but a little less powerful. [a neqoxec]
 19170 | Orc:2    | Reached skill level 5 in Dodging
 19203 | Orc:2    | Bought a scroll of brand weapon for 104 gold pieces
 19301 | Orc:2    | Reached skill level 16 in Long Blades
 19579 | Orc:2    | Received a gift from Okawaru
 19592 | Orc:2    | Paralysed by an orc sorcerer for 5 turns
 19878 | Orc:2    | Found a staircase to the Elven Halls.
 20148 | Orc:2    | Found Jinuabes's Book Boutique.
 20368 | Orc:2    | Noticed Quickbrownfox's ghost (journeyman DsCj)
 20369 | Orc:2    | Found a transporter.
 20372 | Orc:2    | Identified the +3 giant spiked club of Circular Logic
                  | {freeze, rC+}
 20372 | Orc:2    | Noticed an ettin
 20508 | Orc:2    | Received a gift from Okawaru
 20524 | Orc:2    | Reached ****** piety under Okawaru
 20547 | Orc:2    | Found Joif's Antique Armour Shop.
 20547 | Orc:2    | Found a one-way gate leading to the halls of Pandemonium.
 20547 | Orc:2    | Found Kyex's Jewellery Boutique.
 22126 | D:13     | Reached XP level 14. HP: 73/133 MP: 14/14
 22462 | D:13     | Found Souh's Book Shoppe.
 22464 | D:13     | Noticed Azrael
 22488 | D:13     | Killed Azrael
 22498 | D:13     | Reached skill level 17 in Long Blades
 22883 | D:13     | Received a gift from Okawaru
 22931 | D:13     | You fall into a shaft and drop 2 floors!
 22931 | D:15     | Entered Level 15 of the Dungeon
 22991 | D:14     | Reached skill level 15 in Armour
 23538 | D:13     | Found a glowing silver altar of Zin.
 23798 | Lair:4   | Reached skill level 15 in Fighting
 24134 | Lair:4   | Found a staircase to the Slime Pits.
 24134 | Lair:4   | Found a viscous altar of Jiyva.
 24996 | Lair:5   | Entered Level 5 of the Lair of Beasts
 25173 | Lair:5   | Identified the +0 hat "Zugheror" {rF+} (Okawaru gifted it
                  | to you on level 5 of the Lair of Beasts)
 25173 | Lair:5   | Received a gift from Okawaru
 25481 | Lair:5   | Noticed Sonja
 25514 | Lair:5   | Reached skill level 18 in Long Blades
 25529 | Lair:5   | Killed Sonja
 25897 | Lair:5   | Reached XP level 15. HP: 64/144 MP: 15/15
 26755 | Lair:5   | Identified the ring "Neinkad" {rC+ rN+ Str+2}
 26957 | Lair:5   | HP: 6/144 [death yak (9)]
 26979 | Lair:5   | Slain by a death yak

Illustrated notes

Levels and vault maps discovered:
D:1:      psy_arrival_radial01, layout_basic, kennysheep_small_spiral
D:2:      layout_basic, serial_shops, shop, kennysheep_decorative_pillar,
          kennysheep_generic_room_3
D:3:      layout_basic, mainiacjoe_overflow_brackets
D:4:      layout_loops_ring, nicolae_ru_great_annihilating_truth,
          gup_sewer_entry_bubbles, minmay_fractal_squares_gapless_5,
          uniq_blork_the_orc
D:5:      layout_cave_pools, okawaru_ov_weapons_minmay
D:6:      lemuel_ratsnest, layout_cave_pools, nicolae_gozag_zags_fifth_avenue
D:7:      layout_basic, worldfamousw_hep_ancestral_shrine,
          minmay_temple_entry_arrows
D:8:      layout_cave_pools, amcnicky_altar_gilded, marbit_many_paths,
          lightli_bailey_entry_fortress
D:9:      layout_layer_cave, kennysheep_ying_yang, xom_teletrap_fun,
          mainiacjoe_overflow_catwalk, david_lair_shrubbed
D:10:     layout_loops_ring, orc_0_dummy, enter_trove_3
D:11:     layout_small_grid, lemuel_old_faithful, uniq_josephine, uniq_fannar
D:12:     layout_cave_pools
D:13:     layout_cave_pools, serial_shops, nicolae_book_shop_shelving,
          zin_statuary, uniq_azrael
D:14:     minmay_guarded_unrand_guard, layout_cave_pods, david_vaults_3,
          serial_bayou_shore_a
D:15:     grunt_enter_depths_magical_seal, layout_basic, hangedman_decor_points,
          nicolae_uskayaw_dance_hall
Temple:   hellmonk_temple_divided_pantheon
Lair:1:   layout_roguey, grunt_megastairs_1
Lair:2:   layout_regular_city, minmay_swamp_entry_worms,
          portal_ice_cave_entry_ice_simulacra
Lair:3:   gammafunk_worm_tunnel, layout_cave_pods, guppyfry_snake_entry_garden,
          serial_bayou_shore_b
Lair:4:   layout_small_grid, slime_entry_1, grunt_megastairs_3
Lair:5:   grunt_lair_end_beastmaster, layout_regular_city, serial_bayou_pond_c,
          uniq_sonja
Orc:1:    layout_caves, basic_altar
Orc:2:    pf_orc_diabolical, layout_diamond_mine, serial_shops, shop,
          gammafunk_ghost_smash

Skill      XL: |  1  2  3  4  5  6  7  8  9 10 11 12 13 14 15 |
---------------+----------------------------------------------+-----
Fighting       | 4 5 7 8 10 12 14 16 | 16.2
Armour         | 4 5 6 7 9 10 12 13 14 15 16 | 16.0
Long Blades    | 3 4 5 7 9 10 12 14 15 16 18 | 18.3
Shields        | 4 5 6 7 8 9 10 11 12 13 | 13.1
Dodging        | 1 3 4 5 6 |  6.6
Stealth        | 1 2 |  2.3
Invocations    | 1 2 |  2.0
Evocations     | 1 |  1.5

Action                     |  1- 3 |  4- 6 |  7- 9 | 10-12 | 13-15 || total
---------------------------+-------+-------+-------+-------+-------++-------
  Melee: Long sword        |    84 |   185 |   342 |       |       ||   611
         Headbutt          |     7 |    23 |    78 |   155 |   192 ||   455
         Scimitar          |       |       |    87 |   610 |       ||   697
         Double sword      |       |       |       |    78 |   819 ||   897
 Invoke: Heroism           |       |       |       |    12 |     4 ||    16
  Evoke: Wand              |       |     1 |     3 |     8 |     8 ||    20
         Condenser vane    |       |       |       |       |     1 ||     1
    Use: Scroll            |       |    14 |     4 |    13 |    10 ||    41
         Potion            |       |     2 |       |     5 |     5 ||    12
   Stab: Paralysed         |       |     1 |       |       |       ||     1
 Armour: Scale mail        |    40 |     8 |       |       |       ||    48
         Chain mail        |       |    99 |   237 |   160 |   461 ||   957
         Plate armour      |       |       |       |   165 |       ||   165
  Dodge: Dodged            |    33 |    73 |   179 |   252 |   423 ||   960
  Block: Buckler           |    23 |    46 |   125 |   213 |   342 ||   749
